 Dungeon Crawl Stone Soup version 0.30-a0-719-gcc4359ea44 (webtiles) character file.

Game seed: 14123481082180661912

22225 Armakuni the Martial Artist (level 12, -4/106 HPs)
             Began as a Pale Draconian Monk on Jan 24, 2023.
             Was a Believer of Elyvilon.
             Slain by a minotaur
             ... wielding a +4 long sword of protection
              (35 damage)
             ... in a Gauntlet on Jan 26, 2023.
             The game lasted 00:53:38 (12046 turns).

Armakuni the Martial Artist (Pale Draconian Monk)  Turns: 12046, Time: 00:53:39

Health: -4/106     AC:  2    Str: 13    XL:     12   Next: 61%
Magic:  10/19      EV: 33    Int: 15    God:    Elyvilon [**....]
Gold:   145        SH:  0    Dex: 20    Spells: 8/13 levels left

rFire   . . .      SeeInvis .      - Unarmed
rCold   . . .      Faith    .    (shield currently unavailable)
rNeg    . . .      Spirit   .    (body armour unavailable)
rPois   x          Reflect  .    (helmet currently unavailable)
rElec   .          Harm     .    (cloak currently unavailable)
rCorr   .          Rampage  .    (gloves currently unavailable)
Will    .....      NoTele   +    (boots currently unavailable)
Stlth   ++                       (no amulet)
HPRegen 0.37/turn                B - +5 ring of evasion
MPRegen 0.16/turn                L - ring of flight

@: spider-form, flying, studying Axes
A: venomous fangs, (breathe steam), AC +8, tiny, unfitting armour,
(cold-blooded), (steam resistance)
a: End Transformation, Renounce Religion, Purification, Heal Other


You were in a Gauntlet.
You worshipped Elyvilon.
Elyvilon was pleased with you.
You were a venomous arachnid creature.
You visited 2 branches of the dungeon, and saw 14 of its levels.
You also visited: Sewer and Gauntlet.

You collected 614 gold pieces.
You spent 469 gold pieces at shops.

Inventory:

Armour
 k - a +2 pair of gloves (melded)
 z - a +2 pair of boots of stealth (melded)
Magical Staves
 u - a staff of cold
Jewellery
 n - a ring of protection from cold
 o - a ring of positive energy
 B - a +5 ring of evasion (left front pincers)
 E - the ring "Zinaunis" {Ice rElec rN+ Slay+3}
   (You found it in a Gauntlet)

   [ring of ice]

   It enhances your ice magic.
   Slay:      It affects your accuracy & damage with ranged weapons and melee
   (+3).
   rF:        It makes you vulnerable to fire.
   rC:        It protects you from cold.
   rElec:     It insulates you from electricity.
   rN:        It protects you from negative energy.
 F - the amulet "Omangu" {Spirit rElec Int+4}
   (You found it in a Gauntlet)

   [amulet of guardian spirit]

   It causes incoming damage to be divided between your reserves of health and
   magic.
   Int:       It affects your intelligence (+4).
   rElec:     It insulates you from electricity.
 L - a ring of flight (right front pincers)
Wands
 c - a wand of polymorph (3)
 v - a wand of flame (7)
Scrolls
 d - 5 scrolls of noise
 e - 3 scrolls of vulnerability
 h - a scroll of poison
 j - 4 scrolls of teleportation
 p - 4 scrolls of fog
 r - 2 scrolls of identify
 s - a scroll of enchant weapon
 y - 2 scrolls of amnesia
 A - 2 scrolls of blinking
 C - a scroll of magic mapping
Potions
 a - 9 potions of ambrosia
 b - 4 potions of brilliance
 g - 7 potions of curing
 l - 2 potions of might
 m - a potion of lignification
 q - 2 potions of mutation
 t - 2 potions of heal wounds
 w - 2 potions of flight
 x - 2 potions of magic
 D - a potion of invisibility {unknown}
Miscellaneous
 G - a lightning rod (1/4)


   Skills:
 - Level 10.0 Fighting
 - Level 10.0 Dodging
 - Level 1.7 Stealth
 + Level 10.1 Unarmed Combat
 - Level 1.0 Spellcasting
 - Level 10.0 Transmutations
 - Level 10.0 Invocations
 - Level 3.0 Evocations


You had 8 spell levels left.
You knew the following spells:

 Your Spells              Type           Power      Damage    Failure   Level
h - Spider Form           Tmut/Pois      15%        N/A       24%         3
w - Wereblood             Tmut           30%        N/A       4%          2

Your spell library contained the following spells:

 Spells                   Type           Power      Damage    Failure   Level
 Beastly Appendage        Tmut           60%        N/A       3%          1
 Magic Dart               Conj           0%         1d3       45%         1
 Call Imp                 Summ           0%         N/A       58%         2
 Sublimation of Blood     Necr           0%         N/A       58%         2
 Mephitic Cloud           Conj/Pois/Air  0%         N/A       78%         3
 Ozocubu's Armour         Ice            0%         N/A       78%         3
 Stone Arrow              Conj/Erth      0%         3d7       78%         3
 Metabolic Englaciation   Hex/Ice        0%         N/A       100%        5
 Simulacrum               Ice/Necr       0%         N/A       100%        6
 Summon Hydra             Summ           0%         N/A       100%        7
 Lehudib's Crystal Spear  Conj/Erth      0%         10d2      100%        8
 Animate Armour           Summ/Erth      Unusable   N/A       N/A         4

Dungeon Overview and Level Annotations

Branches:
Dungeon (13/15)            Temple (1/1) D:7            Lair (0/5) D:8
    Orc (0/2) D:12          Sewer (visited)         Gauntlet (1/1)
 Vaults: D:13-14

Altars:
Ashenzari
Cheibriados
Dithmenos
Elyvilon
Fedhas
Gozag
Hepliaklqana
Kikubaaqudgha
Makhleb
Nemelex Xobeh
Okawaru
Qazlal
Ru
Sif Muna
Trog
Uskayaw
Vehumet
Wu Jian
Xom
Yredelemnul
Zin
The Shining One

Shops:
D:10 !(   D:12 =[*(

Annotations:
D:7 1 runed translucent door, Nonseq's ghost, novice DsFE
D:9 1 runed translucent door, bmj180's ghost, novice GrEE Gauntlet 6 transporters


Innate Abilities, Weirdness & Mutations

You are a venomous arachnid creature.
You have venomous fangs.
You are tiny and dextrous.
Your spellcasting is less reliable in this form.
Your armour is entirely melded.
You are incapable of wielding weapons or throwing items.
((You can breathe blasts of scalding, opaque steam.))
((Your pale cyan-grey scales are hard. (AC +8)))
You cannot fit into any form of body armour.
((You are cold-blooded and may be slowed by cold attacks.))
((You are immune to the effects of steam.))


Message History

Aim: a minotaur, wielding a +4 long sword of protection, wearing a +0 chain mail and quivering javelins (heavily wounded, very poisoned)
The thunderbolt hits the minotaur!
The minotaur is heavily wounded.
The minotaur drinks a potion.
The minotaur is healed!
Aiming: Thunderbolt
Press: ? - help, Shift-Dir - straight line, f/p - minotaur
Aim: a minotaur, wielding a +4 long sword of protection, wearing a +0 chain mail and quivering javelins (moderately wounded, very poisoned)
The thunderbolt hits the minotaur!
The minotaur is moderately wounded.
The minotaur throws a javelin.
The javelin misses you.
Aiming: Thunderbolt
Press: ? - help, Shift-Dir - straight line, f/p - minotaur
Aim: a minotaur, wielding a +4 long sword of protection, wearing a +0 chain mail and quivering javelins (heavily wounded, very poisoned)
The thunderbolt hits the minotaur!
The minotaur is heavily wounded.
Your transformation has ended.
Your +2 pair of gloves unmelds from your body.
Your +2 pair of boots of stealth unmelds from your body.
You feel stealthy.
The minotaur throws a javelin.
The javelin pierces through you!
Casting: Spider Form (dangerous; 10% risk of failure)
Confirm with . or Enter, or press ? or * to list all spells.
You turn into a venomous arachnid creature.
Your +2 pair of gloves melds into your body.
Your +2 pair of boots of stealth melds into your body.
You feel less stealthy.
You hit the minotaur but do no damage.
The minotaur is heavily wounded.
You hit the minotaur but do no damage.
The minotaur looks as sick as possible!
The minotaur is heavily wounded.
The minotaur hits you with a +4 long sword of protection!!
* * * LOW HITPOINT WARNING * * *
The minotaur closely misses you.
You feel much better.
The minotaur hits you with a +4 long sword of protection!!
* * * LOW HITPOINT WARNING * * *
The minotaur completely misses you.
You feel much better.
The minotaur hits you with a +4 long sword of protection!!
You die...

#....######.#..##§
#.#### #.#..###
#.#.. #.#....#
#.#.# #.#..(©#
#.#.# #.#....#
#...# # #......#
#.#.# ⌠# #.#...©#
#H#.##.# #.#....#
#s#.H..# #.#..###
#.####....#.#..##≈
#....######.#..###
####........#..##≈
##########..###
#####§ ## #§ ##


You could see a minotaur (extremely poisoned).

Vanquished Creatures
  2 slime creatures
  A centaur warrior (D:13)
  4 two-headed ogres
  Urug (D:11)
  A fire crab (Gauntlet)
  2 deep elf pyromancers
  A worldbinder (Gauntlet)
  A cyclops (D:12)
  2 manticores
  A kobold demonologist (D:12)
  6 trolls
  A queen bee (D:10)
  2 shadows
  2 wraiths
  4 wyverns
  8 yaks
  A vampire (D:11)
  3 fire bats (Gauntlet)
  6 vampire mosquitoes (D:11)
  2 basilisks (D:13)
  A steam dragon (D:9)
  2 wargs
  4 acid dragons
  3 hell hounds (Gauntlet)
  Duvessa (D:4)
  2 black bears
  4 orc warriors
  3 sky beasts
  An ogre (D:6)
  6 ice beasts
  13 centaurs
  A boggart (Gauntlet)
  A phantom (D:4)
  4 kobold brigands
  4 bullfrogs
  4 scorpions
  5 wights
  Dowan (D:4)
  20 killer bees
  9 electric eels
  4 howler monkeys
  8 hounds
  3 jellies
  2 gnoll boudas
  11 orc priests
  5 small abominations (Gauntlet)
  6 iguanas
  14 orc wizards
  A hell rat (Sewer)
  10 gnolls
  5 adders
  2 river rats (Sewer)
  A white imp (D:6)
  2 ufetubi
  2 worms (D:2)
  3 dart slugs
  51 orcs
  4 endoplasms
  5 giant cockroaches
  6 goblins
  13 hobgoblins
  5 jackals
  24 kobolds
  A quokka (D:5)
  5 ball pythons
  5 bats
  4 frilled lizards
  11 rats
353 creatures vanquished.

Vanquished Creatures (others)
  6 killer bees (D:10)
  An orc (D:5)
  A kobold (D:9)
  43 plants
51 creatures vanquished.

Grand Total: 404 creatures vanquished

Notes
Turn   | Place    | Note
-------+----------+-------------------------------------------
     0 | D:1      | Armakuni the Draconian Monk began the quest for the Orb.
     0 | D:1      | Reached XP level 1. HP: 19/19 MP: 1/1
    78 | D:1      | Reached XP level 2. HP: 13/26 MP: 2/2
   755 | D:2      | Reached XP level 3. HP: 30/31 MP: 3/3
  1097 | D:3      | Found a sacrificial altar of Ru.
  1375 | D:3      | Reached XP level 4. HP: 35/41 MP: 4/4
  1393 | D:3      | Learned a level 2 spell: Wereblood
  1980 | D:4      | Reached skill level 1 in Spellcasting
  1980 | D:4      | Reached skill level 1 in Transmutations
  2037 | D:4      | Reached XP level 5. HP: 35/47 MP: 6/6
  2041 | D:4      | Noticed an orc warrior
  2198 | D:4      | Noticed Duvessa
  2519 | D:4      | Noticed a phantom
  2543 | D:4      | Killed a phantom
  2544 | D:4      | Reached skill level 5 in Fighting
  2544 | D:4      | Reached XP level 6. HP: 46/56 MP: 7/7
  2609 | D:4      | Found a broken altar of Ashenzari.
  2647 | D:4      | Noticed Dowan
  2655 | D:4      | Killed Duvessa
  2656 | D:4      | Reached skill level 5 in Unarmed Combat
  2661 | D:4      | Killed Dowan
  2808 | D:4      | Your scales start taking on a pale cyan-grey colour.
  2808 | D:4      | Reached XP level 7. HP: 59/63 MP: 8/8
  2808 | D:4      | Gained mutation: You are immune to the effects of steam.
                  | [Pale Draconian growth]
  2888 | D:4      | Found a stormy altar of Qazlal.
  3271 | D:4      | Found a white marble altar of Elyvilon.
  3273 | D:4      | Found an ornate altar of the Wu Jian Council.
  3281 | D:4      | Became a worshipper of Elyvilon the Healer
  3281 | D:4      | Reached * piety under Elyvilon
  3281 | D:4      | Reached ** piety under Elyvilon
  3415 | D:5      | Entered Level 5 of the Dungeon
  3596 | D:5      | Reached XP level 8. HP: 73/73 MP: 9/9
  3717 | D:5      | Found a glowing drain.
  3726 | Sewer    | Entered a sewer
  4075 | D:5      | Reached skill level 1 in Invocations
  4154 | D:5      | Reached *** piety under Elyvilon
  4398 | D:6      | Reached skill level 5 in Invocations
  4513 | D:6      | Reached XP level 9. HP: 82/82 MP: 10/12
  5263 | D:7      | Reached **** piety under Elyvilon
  5329 | D:7      | Found a staircase to the Ecumenical Temple.
  5380 | Temple   | Entered the Ecumenical Temple
  5519 | D:7      | Reached skill level 10 in Fighting
  5733 | D:7      | Reached skill level 10 in Unarmed Combat
  5940 | D:7      | Found a runed translucent door.
  5943 | D:7      | Noticed Nonseq's ghost (novice DsFE)
  6206 | D:7      | Reached XP level 10. HP: 83/93 MP: 10/13
  6249 | D:7      | Reached skill level 5 in Dodging
  6550 | D:8      | Found a staircase to the Lair.
  6871 | D:9      | You are sucked into a shaft and drop 2 floors!
  6978 | D:11     | Noticed a two-headed ogre
  6986 | D:11     | Killed a two-headed ogre
  7016 | D:10     | Entered Level 10 of the Dungeon
  7016 | D:10     | Found Sabracvi's Weapon Boutique.
  7222 | D:10     | Identified the +2 trident "Pydwij" {protect, rElec rF++
                  | Int-5 Stlth+}
  7559 | D:9      | Reached ***** piety under Elyvilon
  7726 | D:9      | Found a large runed translucent door.
  7726 | D:9      | Found a large runed translucent door.
  7743 | D:9      | Noticed a white ugly thing
  7751 | D:9      | Pacified a white ugly thing
  7752 | D:9      | Reached XP level 11. HP: 37/99 MP: 11/14
  7825 | D:9      | Found a shadowy altar of Dithmenos.
  7830 | D:9      | Found an iron altar of Okawaru.
  8116 | D:9      | Found a runed translucent door.
  8119 | D:9      | Noticed bmj180's ghost (novice GrEE)
  8119 | D:9      | Identified the +4 trident "ETAOIN SHRDLU" {freeze, rElec
                  | rPois rN+ Int+3}
  8758 | D:10     | Reached skill level 10 in Dodging
  8835 | D:10     | Found Bureily's Distillery.
  8843 | D:10     | Bought a potion of degeneration for 16 gold pieces
  8846 | D:10     | Bought a potion of flight for 48 gold pieces
  8846 | D:10     | Bought a potion of mutation for 128 gold pieces
  8893 | D:10     | Noticed a two-headed ogre
  8905 | D:10     | Killed a two-headed ogre
  9222 | D:11     | Learned a level 3 spell: Spider Form
  9437 | D:11     | Upgraded the game from 0.30-a0-715-gdb4ae3ece1 to
                  | 0.30-a0-719-gcc4359ea44
  9510 | D:11     | Noticed Urug
  9529 | D:11     | Killed Urug
  9718 | D:11     | Noticed a two-headed ogre
  9744 | D:11     | Killed a two-headed ogre
  9745 | D:11     | Reached skill level 10 in Invocations
  9765 | D:11     | Reached skill level 1 in Evocations
  9820 | D:12     | Noticed a two-headed ogre
  9929 | D:11     | Killed a two-headed ogre
 10151 | D:11     | Reached skill level 5 in Transmutations
 10154 | D:11     | Reached XP level 12. HP: 77/106 MP: 16/19
 10364 | D:12     | Found Hosocsuo's Antique Armour Boutique.
 10366 | D:12     | Found Wedaz's Jewellery Boutique.
 10796 | D:12     | Found Coyjitoj's Assorted Antiques.
 10801 | D:12     | Bought a pair of glowing boots for 277 gold pieces
 10841 | D:12     | Found Omuogyire's Weapon Emporium.
 10844 | D:12     | Found a staircase to the Orcish Mines.
 11320 | D:13     | Noticed a boulder beetle
 11324 | D:13     | Noticed a centaur warrior
 11326 | D:13     | Pacified a boulder beetle
 11341 | D:13     | Killed a centaur warrior
 11429 | D:13     | Found a gate leading to a gauntlet.
 11438 | Gauntlet | Entered a Gauntlet
 11438 | Gauntlet | Found a transporter.
 11438 | Gauntlet | Found a transporter.
 11535 | Gauntlet | Found a transporter.
 11538 | Gauntlet | Found a transporter.
 11549 | Gauntlet | Found a transporter.
 11557 | Gauntlet | Found a transporter.
 11577 | Gauntlet | Found a transporter.
 11597 | Gauntlet | Found a transporter.
 11601 | Gauntlet | Found a transporter.
 11613 | Gauntlet | Found a transporter.
 11614 | Gauntlet | Found a transporter.
 11660 | Gauntlet | Found a transporter.
 11738 | Gauntlet | Identified the ring "Zinaunis" {Ice rElec rN+ Slay+3}
 11780 | Gauntlet | Reached skill level 10 in Transmutations
 11838 | Gauntlet | Identified the amulet "Omangu" {Spirit rElec Int+4}
 12022 | Gauntlet | Noticed a minotaur
 12026 | Gauntlet | Elyvilon protects you from harm!
 12046 | Gauntlet | Slain by a minotaur

Illustrated notes

Levels and vault maps discovered:
D:1:      minmay_arrival_diagonal_passages, layout_loops_ring,
          kennysheep_decorative_pillar
D:2:      layout_rooms
D:3:      layout_basic, nicolae_ru_sacrificial_ziggurat
D:4:      layout_loops_ring, minitemple, mainiacjoe_overflow_boulevard,
          mainiacjoe_overflow_surrounded_room, minmay_manual_mail, uniq_duvessa
D:5:      layout_cave_pods, portal_sewer_entry_b
D:6:      layout_loops_ring, grunt_decor_arrowhead
D:7:      layout_basic, minmay_temple_entry_drinking_statues,
          ebering_ghost_reflecting_pool, chequers_big_river
D:8:      layout_loops_ring, erik_lair_orcish_takeover
D:9:      layout_loops_ring, jmf_multi_god_temple2, ebering_ghost_funeral_grove
D:10:     layout_basic, serial_shops, shop, nicolae_stop_n_shop_1, special_room
          [special_room_bee]
D:11:     layout_loops_cross, uniq_urug
D:12:     layout_cave_pools, minmay_orc_entry_temple_small, serial_shops, shop,
          shop, nicolae_shop_temple_entry_statues_fountains, shop, serial_bayou,
          serial_bayou_pond_e, serial_bayou_crossing, serial_bayou_pond_b,
          serial_bayou_shore_a, serial_bayou_shore_b, kennysheep_cross_room
D:13:     layout_stronghold, grunt_vaults_entry_fortified,
          gauntlet_entry_generic
Temple:   regret_index_temple_waves
Gauntlet: minmay_gauntlet_mixed_big_or_small
          [gammafunk_gauntlet_arena_split_diamond,
          minmay_gauntlet_arena_77_mirror, gammafunk_gauntlet_arena_crates,
          minmay_gauntlet_arena_77_radiant_squares,
          gammafunk_gauntlet_arena_chambers,
          minmay_gauntlet_arena_77_double_cross,
          dreamdust_gauntlet_exit_labyrinth]

Skill      XL: |  1  2  3  4  5  6  7  8  9 10 11 12 |
---------------+-------------------------------------+-----
Fighting       | 4 5 6 7 8 10 | 10.0
Unarmed Combat | 4 5 6 7 10 | 10.1
Spellcasting   | 1 |  1.0
Transmutations | 2 3 5 10 | 10.0
Invocations    | 5 10 | 10.0
Dodging        | 4 9 10 | 10.0
Evocations     | 3 |  3.0
Stealth        | |  1.7

Action                     |  1- 3 |  4- 6 |  7- 9 | 10-12 || total
---------------------------+-------+-------+-------+-------++-------
  Melee: Unarmed           |   149 |   137 |   327 |   566 ||  1179
         Tailslap          |    13 |    16 |    34 |    80 ||   143
         Punch             |     2 |     9 |    18 |    24 ||    53
  Throw: Dart              |       |     6 |       |       ||     6
   Cast: Wereblood         |       |     3 |     4 |     8 ||    15
         Spider Form       |       |       |       |    10 ||    10
 Invoke: Heal Self         |       |       |     5 |    23 ||    28
         Heal Other        |       |       |       |     7 ||     7
         Purification      |       |       |       |     6 ||     6
Ability: Breathe Steam     |       |       |    41 |    50 ||    91
         End Transformatio |       |       |       |     1 ||     1
  Evoke: Wand              |       |       |     9 |     9 ||    18
         Lightning rod     |       |       |       |     3 ||     3
    Use: Scroll            |     4 |     2 |     3 |    16 ||    25
         Potion            |       |     4 |     3 |     7 ||    14
   Stab: Sleeping          |     5 |     1 |     1 |     2 ||     9
         Distracted        |       |     1 |     1 |       ||     2
 Armour: Skin              |    47 |    41 |    96 |   104 ||   288
  Dodge: Dodged            |    64 |    58 |   283 |   756 ||  1161

Table legend: (Time is in decaauts)
 A = Elapsed time spent in this place.
 B = Non-inter-level travel time spent in this place.
 C = Inter-level travel time spent in this place.
 D = Time resting spent in this place.
 E = Time spent auto-exploring this place.
 F = Levels seen in this place.
 G = Mean time per level.
                   A        B        C        D        E       F      G
               +--------+--------+--------+--------+--------+-----+--------+
         Total |  11901 |  11090 |    811 |   1437 |   1984 |  16 |  743.8 |
       Dungeon |  10989 |  10196 |    793 |   1239 |   1695 |  13 |  845.3 |
        Temple |    128 |    110 |     18 |      0 |     75 |   1 |  128.0 |
         Sewer |    186 |    186 |      0 |     89 |      0 |   1 |  186.0 |
      Gauntlet |    597 |    597 |      0 |    109 |    214 |   1 |  597.0 |
               +--------+--------+--------+--------+--------+-----+--------+

Top non-repeatable levels by time:
    D:11: 1425 daAuts
    D:10: 1274 daAuts
     D:3: 1252 daAuts
     D:4: 1043 daAuts
     D:7: 1027 daAuts
     D:9: 842 daAuts
     D:5: 779 daAuts
     D:6: 752 daAuts
     D:1: 677 daAuts
    D:12: 669 daAuts
Gauntlet: 597 daAuts
     D:8: 556 daAuts
     D:2: 398 daAuts
    D:13: 287 daAuts
   Sewer: 186 daAuts
